 Seeded DCSS version 0.29-a0-1033-gb6c65ffae6 (webtiles) character file.

Game seed: 20220814 (custom seed)

54 purpskrrrp the Shooter (level 3, -4/22 HPs)
             Began as a Tengu Hunter on Aug 14, 2022.
             Slain by a goblin
             ... wielding a +0 club
             ... led by Robin
              (6 damage)
             ... on level 2 of the Dungeon.
             The game lasted 00:04:04 (898 turns).

purpskrrrp the Shooter (Tengu Hunter)                Turns: 898, Time: 00:04:05

Health: -4/22      AC:  4    Str: 11    XL:     3   Next: 91%
Magic:  4/4        EV: 13    Int:  9    God:
Gold:   41         SH:  0    Dex: 19    Spells: 2/2 levels left

rFire   + . .      SeeInvis .   h - +4 sling (vorpal)
rCold   . . .      Faith    .   (no shield)
rNeg    . . .      Spirit   .   i - +2 robe {rF+}
rPois   .          Reflect  .   (helmet restricted)
rElec   .          Harm     .   (no cloak)
rCorr   .          Rampage  .   (no gloves)
Will    .....                   (boots unavailable)
Stlth   ++........              (no amulet)
HPRegen 0.07/turn               (no ring)
MPRegen 0.09/turn               (no ring)

@: no status effects
A: beak, talons 3
a: no special abilities


You were on level 2 of the Dungeon.
You visited 1 branch of the dungeon, and saw 2 of its levels.

You collected 41 gold pieces.

Inventory:

Hand Weapons
 a - a +0 shortbow
 h - a +4 vorpal sling (weapon)
Armour
 c - a +0 leather armour
 i - a +2 robe of fire resistance (worn)
Scrolls
 b - a scroll of immolation
Potions
 d - a potion of flight {unknown}
 e - a potion of mutation {unknown}
 g - a potion of resistance {unknown}


   Skills:
 + Level 2.5 Fighting
 * Level 5.0 Ranged Weapons
 + Level 2.7 Dodging
 + Level 1.9 Stealth


You had 2 spell levels left.
You didn't know any spells.
Your spell library contained the following spells:

 Spells                   Type           Power      Damage    Failure   Level
 Call Canine Familiar     Summ           0%         N/A       77%         3
 Portal Projectile        Hex/Tloc       0%         N/A       77%         3
 Leda's Liquefaction      Hex/Erth       0%         N/A       99%         4


Dungeon Overview and Level Annotations

Branches:
Dungeon (2/15)

Altars:

Annotations:
D:2 Robin


Innate Abilities, Weirdness & Mutations

You have a beak for a mouth.
You have claws for feet.


Message History

A goblin comes into view. It is wielding a +0 club. x2
Robin of the Strong Arm comes into view.
They are wielding a +0 short sword.
The goblin shouts! 2 goblins come into view.
The goblin shouts! x2; You hear a shout!
A goblin comes into view. It is wielding a +0 club.
A goblin comes into view. It is wielding a +0 club.
Robin shouts!
You shoot a sling bullet. The sling bullet hits the hobgoblin.
The hobgoblin is severely wounded.
A rat comes into view.
Robin throws the goblin at you! The goblin hits you with a +0 club.
You shoot a sling bullet. The sling bullet hits the hobgoblin.
You kill the hobgoblin!
Robin throws the goblin at you! The goblin barely misses you.
The goblin hits you but does no damage. The goblin barely misses you.
The goblin hits you but does no damage.
You shoot a sling bullet.
The sling bullet closely misses the goblin.
The sling bullet hits the goblin.
The goblin is heavily wounded.
The goblin barely misses you. The goblin closely misses you.
Robin roars a battlecry!
The goblins go into a battle-frenzy!
The goblin hits you with a +0 club. The goblin closely misses you.
The goblin hits you with a +0 dagger of protection.
The goblin barely misses you. The goblin misses you.
The goblin closely misses you. The goblin barely misses you.
The goblin hits you with a +0 club. The goblin hits you but does no damage.
Really read the scroll of immolation? [Y]es or [N]o only, please.
Really read the scroll of immolation? [Y]es or [N]o only, please.
Really read the scroll of immolation?
Okay, then.
The goblin attacks as you move away! The goblin barely misses you.
The goblin attacks as you move away! The goblin hits you with a +0 club.
* * * LOW HITPOINT WARNING * * *
The goblin hits you with a +0 club.
You die...

......#.........##...#.#
............?... ##..#.#
#.#.......#..... #..#.#
.....†....#.... ..#
..#.#...g.....### ...
........g..(#
....#r..ggg.#
....#..gggg.#
........g@.#
...........# .).#......#
####......# #........##
#........# #........#
#........# #........#


You could see Robin, 9 goblins and a rat.

Vanquished Creatures
  Jessica (D:2)
  A dart slug (D:1)
  2 endoplasms (D:1)
  2 goblins
  4 hobgoblins
  2 quokkas (D:1)
  2 ball pythons (D:1)
  3 bats (D:1)
  A frilled lizard (D:2)
  5 kobolds
  A rat (D:1)
24 creatures vanquished.

Notes
Turn   | Place    | Note
-------+----------+-------------------------------------------
     0 | D:1      | purpskrrrp the Tengu Hunter began the quest for the Orb.
     0 | D:1      | Reached XP level 1. HP: 12/12 MP: 2/2
    90 | D:1      | Reached XP level 2. HP: 17/17 MP: 3/3
   805 | D:2      | Noticed Jessica
   810 | D:2      | Reached XP level 3. HP: 21/21 MP: 4/4
   810 | D:2      | Killed Jessica
   811 | D:2      | Reached skill level 5 in Ranged Weapons
   842 | D:2      | Found a faded altar of an unknown god.
   892 | D:2      | Noticed Robin
   898 | D:2      | Slain by a goblin

Illustrated notes

Levels and vault maps discovered:
D:1:      dpeg_arrival_pits, layout_loops_ring
D:2:      layout_rooms, ebering_ecumenical_altar_hall, serial_glass,
          glass_columns_a, glass_columns_a, uniq_robin, uniq_jessica

Skill      XL: |  1  2  3 |
---------------+----------+-----
Ranged Weapons | 5 |  5.0
Fighting       | |  2.5
Dodging        | |  2.7
Stealth        | |  1.9

Action                   || total
-------------------------++-------
 Fire: Shortbow          ||    37
       Sling             ||    13
  Use: Scroll            ||     3
Armor: Leather armour    ||     2
       Robe              ||     3
Dodge: Dodged            ||    17

Table legend: (Time is in decaauts)
 A = Elapsed time spent in this place.
 B = Non-inter-level travel time spent in this place.
 C = Inter-level travel time spent in this place.
 D = Time resting spent in this place.
 E = Time spent auto-exploring this place.
 F = Levels seen in this place.
 G = Mean time per level.
                   A        B        C        D        E       F      G
               +--------+--------+--------+--------+--------+-----+--------+
         Total |    911 |    860 |     51 |    100 |    578 |   2 |  455.5 |
       Dungeon |    911 |    860 |     51 |    100 |    578 |   2 |  455.5 |
               +--------+--------+--------+--------+--------+-----+--------+

Top non-repeatable levels by time:
     D:1: 816 daAuts
     D:2: 94 daAuts
